 Dungeon Crawl Stone Soup version 0.19-a0-811-gf4045fb (webtiles) character file.

192 Dorikus the Shield-Bearer (level 5, -3/47 HPs)
             Began as a Hill Orc Fighter on June 28, 2016.
             Slain by an orc
             ... wielding a +0 trident
              (5 damage)
             ... on level 3 of the Dungeon.
             The game lasted 00:08:29 (2041 turns).

Dorikus the Shield-Bearer (Hill Orc Fighter)        Turns: 2041, Time: 00:08:30

Health: -3/47      AC:  8    Str: 19    XL:     5   Next: 71%
Magic:  5/5        EV:  3    Int:  8    God:
Gold:   74         SH:  9    Dex: 11    Spells: 0 memorised, 4 levels left

rFire  . . .     SeeInvis .     a - +0 war axe
rCold  . . .     Gourm    .     b - +0 scale mail
rNeg   . . .     Faith    .     c - +0 shield
rPois  .         Spirit   .     (no helmet)
rElec  .         Dismiss  .     i - +0 cloak
rCorr  .         Reflect  .     (no gloves)
SustAt .         Harm     .     (no boots)
MR     .....                    (no amulet)
Stlth  ..........               (no ring)
                                (no ring)

@: not resistant to hostile enchantments, extremely unstealthy
A: no striking features
a: no special abilities


You were on level 3 of the Dungeon.
You were not hungry.

You visited 1 branch of the dungeon, and saw 3 of its levels.

You collected 74 gold pieces.

Inventory:

Hand Weapons
 a - a +0 war axe (weapon)
Missiles
 h - 19 arrows
Armour
 b - a +0 scale mail (worn)
 c - a +0 shield (worn)
 i - a +0 cloak (worn)
Jewellery
 e - a cursed amulet of inaccuracy {unknown}
 l - an uncursed ring of wizardry {unknown}
Scrolls
 k - a scroll of recharging
Potions
 d - a potion of might
 g - a potion of curing {unknown}
 j - a potion of heal wounds {unknown}
 n - a potion of magic {unknown}
 o - a potion of agility {unknown}
Comestibles
 f - 2 bread rations
 m - a meat ration
 p - 3 chunks of flesh
 q - a royal jelly


   Skills:
 * Level 4.4 Fighting
 * Level 4.0 Axes
 * Level 4.1 Armour
 + Level 1.3 Dodging
 * Level 4.6 Shields


You had 4 spell levels left.
You didn't know any spells.

Dungeon Overview and Level Annotations

Branches:
Dungeon (3/15)

Altars:


Message History

The orc hits you from afar with a trident.
* * * LOW HITPOINT WARNING * * *
You see here 2 poisoned needles.
You bump into the rock wall.
The orc hits you but does no damage. x2
You bump into the rock wall.
The orc closely misses you.
The orc hits you from afar with a trident.
* * * LOW HITPOINT WARNING * * *
You bump into the rock wall.
The orc closely misses you. The orc hits you but does no damage.
The orc hits you from afar with a trident.
* * * LOW HITPOINT WARNING * * *
The orc hits you but does no damage. The orc completely misses you.
There is a stone staircase leading up here.
The orc hits you but does no damage. x2
In your confused state, you trip and fall back down the stairs.
* * * LOW HITPOINT WARNING * * *
The orc hits you but does no damage.
You feel less confused.
The orc hits you from afar with a trident.
You die...

........#.#
........#.#
......#...########
#####.#...........
#.#...########
#.###.##..(... #
#...........# .#
######.#.##.###.###.#
..?........@(.........
#######...#.o)[#.....
#...###o## ###
#.#....oK# #.#..##oo#
#.##.##..# #.# .##..#
#. ..#..# ...#


You could see 4 orcs and a kobold.

Vanquished Creatures
  The ghost of Duskembrace the Sneak, an amateur NaEn (D:3)
  An orc wizard (D:3)
  3 adders (D:2)
  3 dart slugs
  2 orcs (D:3)
  5 giant cockroaches
  3 goblins
  7 hobgoblins
  3 jackals (D:3)
  7 kobolds
  A quokka (D:2)
  5 bats
  8 rats
49 creatures vanquished.

Notes
Turn   | Place    | Note
--------------------------------------------------------------
     0 | D:1      | Dorikus the Hill Orc Fighter began the quest for the Orb.
     0 | D:1      | Reached XP level 1. HP: 19/19 MP: 1/1
   290 | D:1      | Reached XP level 2. HP: 21/27 MP: 2/2
  1001 | D:1      | Reached XP level 3. HP: 33/33 MP: 3/3
  1566 | D:2      | Reached XP level 4. HP: 40/40 MP: 4/4
  1934 | D:3      | Noticed Duskembrace's ghost (amateur NaEn)
  1962 | D:3      | Killed Duskembrace's ghost
  1962 | D:3      | Reached skill level 1 in Dodging
  1962 | D:3      | Reached XP level 5. HP: 47/47 MP: 5/5
  2037 | D:3      | HP: 2/47 [orc/trident (2)]
  2041 | D:3      | Slain by an orc

Vault maps used:
D:1:      elethiomel_arrival_infinity_welcomes_careful_drivers
D:3:      uniq_iyjb

Skill      XL: |  1  2  3  4  5 |
---------------+----------------+-----
Fighting       | 4 |  4.4
Axes           | 3 4 |  4.0
Armour         | 4 |  4.1
Shields        | 4 |  4.6
Dodging        | 1 |  1.3

Action                   |  1- 3 |  4- 6 || total
-------------------------+-------+-------++-------
Melee: War axe           |   112 |    72 ||   184
  Use: Scroll            |     2 |       ||     2
  Eat: Chunk             |     2 |     2 ||     4
Armor: Scale mail        |    45 |    64 ||   109
Dodge: Dodged            |    26 |    48 ||    74
Block: Shield            |    57 |    43 ||   100
